NYP
CONNECTICUT TIGERS @ HUDSON VALLEY RENEGADES
08/22/2049
 
TOP OF THE 1ST
Connecticut Tigers batting - Pitching for Hudson Valley Renegades : RHP Adam Householder
Pitching: RHP Adam Householder
Batting: SHB Ryohei Nakano 0-0: Called Strike
0-1: Fly out, F8 (Flyball, 89D, EV 101.9 MPH)
Batting: RHB Dustin Bursell 0-0: Ball
1-0: Called Strike
1-1: Ball
2-1: Foul Ball, location: 2F
2-2: SINGLE (Groundball, 6MD, EV 109.4 MPH)
Batting: SHB Ronnie Lundy 0-0: Ball
Dustin Bursell is caught stealing 2nd base 2-6
1-0: Foul Ball, location: 2F
1-1: Called Strike
1-2: Ball
2-2: Strikes out swinging
Top of the 1st over - 0 runs, 1 hit, 0 errors, 0 left on base; Connecticut 0 - Hudson Valley 0
BOTTOM OF THE 1ST
Hudson Valley Renegades batting - Pitching for Connecticut Tigers : RHP Bror Wuopio
Pitching: RHP Bror Wuopio
Batting: SHB Chris Lockart 0-0: Called Strike
0-1: Ball
1-1: Ball
2-1: Foul Ball, location: 2F
2-2: Ball
3-2: Base on Balls
Batting: SHB Joshua Jackson 0-0: Called Strike
0-1: Swinging Strike
0-2: Foul Ball, location: 2F
0-2: Ball
1-2: Strikes out looking
Batting: RHB Joe Hartigan 0-0: Foul Ball, location: 2F
0-1: Called Strike
0-2: Foul Ball, location: 2F
0-2: Ball
1-2: Ball
2-2: Foul Ball, location: 2F
2-2: Fielders Choice at 2nd, 5-4 (Groundball, 56, EV 108.1 MPH)
Batting: RHB Kunizo Yanagisawa 0-0: Swinging Strike
0-1: Ball
1-1: SINGLE (Line Drive, 89M, EV 97.5 MPH)
Joe Hartigan to second
Batting: RHB Jon Gonzales 0-0: Called Strike
0-1: Foul Ball, location: 2F
0-2: Ball
Wild Pitch!
Joe Hartigan to third
Kunizo Yanagisawa to second
1-2: Foul Ball, location: 2F
1-2: Ball
2-2: Ball
3-2: Foul Ball, location: 2F
3-2: Base on Balls
Batting: RHB Mikey Sano 0-0: Called Strike
0-1: Swinging Strike
0-2: Ball
1-2: Ball
2-2: Foul Ball, location: 2F
2-2: Fly out, F8 (Flyball, 8RD, EV 90.6 MPH)
Bottom of the 1st over - 0 runs, 1 hit, 0 errors, 3 left on base; Connecticut 0 - Hudson Valley 0
TOP OF THE 2ND
Connecticut Tigers batting - Pitching for Hudson Valley Renegades : RHP Adam Householder
Batting: RHB Juan Acero 0-0: Ball
1-0: Foul Ball, location: 2F
1-1: Swinging Strike
1-2: Ball
2-2: Foul Ball, location: 2F
2-2: Foul Ball, location: 2F
2-2: SINGLE (Groundball, 56D, EV 108.8 MPH)
Batting: SHB Isaiah Bias 0-0: DOUBLE (Flyball, 78D, EV 100.6 MPH)
Juan Acero to third
Batting: RHB Mike Sebastian 0-0: Ball
1-0: Called Strike
1-1: Swinging Strike
1-2: Ball
2-2: Strikes out looking
Batting: RHB George Sonier 0-0: Ball
1-0: Swinging Strike
1-1: Ball
2-1: Ball
3-1: Swinging Strike
3-2: Strikes out swinging
Batting: LHB Zach Rose 0-0: Ball
1-0: Ball
2-0: Ground out 3-1 (Groundball, 13, EV 83.8 MPH)
Top of the 2nd over - 0 runs, 2 hits, 0 errors, 2 left on base; Connecticut 0 - Hudson Valley 0
BOTTOM OF THE 2ND
Hudson Valley Renegades batting - Pitching for Connecticut Tigers : RHP Bror Wuopio
Batting: RHB Wan-ling Zhu 0-0: Fly out, F3 (Popup, 23F, EV 91.2 MPH)
Batting: RHB Chris Glavin 0-0: Ground out 5-3 (Groundball, 56S, EV 66.9 MPH)
Batting: RHB Greg Grayson 0-0: Ball
1-0: Called Strike
1-1: Called Strike
1-2: Strikes out swinging
Bottom of the 2nd over - 0 runs, 0 hits, 0 errors, 0 left on base; Connecticut 0 - Hudson Valley 0
TOP OF THE 3RD
Connecticut Tigers batting - Pitching for Hudson Valley Renegades : RHP Adam Householder
Batting: LHB Iestyn Peacock 0-0: Ground out 6-3 (Groundball, 6D, EV 90.6 MPH)
Batting: SHB Ryohei Nakano 0-0: Ball
1-0: Ball
2-0: Foul Ball, location: 2F
2-1: Ball
3-1: SINGLE (Groundball, 6MD, EV 101.2 MPH)
Batting: RHB Dustin Bursell 0-0: Foul Ball, location: 2F
Balk!
Ryohei Nakano to second
0-1: Ball
Ryohei Nakano steals 3rd base
1-1: Foul Ball, location: 2F
1-2: Ball
2-2: Fly out, F8 (Line Drive, 8RD, EV 92.5 MPH)
Runner from 3rd tags up, SCORES, no throw by CF
Batting: SHB Ronnie Lundy 0-0: SINGLE (Flyball, 34D, EV 97.5 MPH)
Batting: RHB Juan Acero 0-0: Swinging Strike
0-1: Ball
1-1: Ball
2-1: Ground out 5-3 (Groundball, 5S, EV 87.5 MPH)
Top of the 3rd over - 1 run, 2 hits, 0 errors, 1 left on base; Connecticut 1 - Hudson Valley 0
BOTTOM OF THE 3RD
Hudson Valley Renegades batting - Pitching for Connecticut Tigers : RHP Bror Wuopio
Batting: SHB Chris Lockart 0-0: Ball
1-0: Ball
2-0: Called Strike
2-1: Ball
3-1: Foul Ball, location: 2F
3-2: Ground out 4-3 (Groundball, 34, EV 103.8 MPH)
Batting: SHB Joshua Jackson 0-0: Called Strike
0-1: Ball
1-1: Called Strike
1-2: Ball
2-2: Fly out, F7 (Line Drive, 78M, EV 96.2 MPH)
Batting: RHB Joe Hartigan 0-0: Ball
1-0: Swinging Strike
1-1: Ground out 6-3 (Groundball, 6, EV 80.6 MPH)
Bottom of the 3rd over - 0 runs, 0 hits, 0 errors, 0 left on base; Connecticut 1 - Hudson Valley 0
TOP OF THE 4TH
Connecticut Tigers batting - Pitching for Hudson Valley Renegades : RHP Adam Householder
Batting: SHB Isaiah Bias 0-0: Ball
1-0: Ball
2-0: Ball
3-0: Called Strike
3-1: Base on Balls
Batting: RHB Mike Sebastian 0-0: Hit by Pitch
Isaiah Bias to second
Batting: RHB George Sonier 0-0: SINGLE (Line Drive, 9S, EV 106.2 MPH)
Isaiah Bias to third
Mike Sebastian to second
Batting: LHB Zach Rose 0-0: Ball
1-0: Swinging Strike
1-1: Ball
2-1: Ball
3-1: Swinging Strike
3-2: Strikes out swinging
Batting: LHB Iestyn Peacock 0-0: Ball
1-0: Ball
2-0: Foul Ball, location: 2F
2-1: Swinging Strike
2-2: Foul Ball, location: 2F
2-2: Strikes out swinging
Batting: SHB Ryohei Nakano 0-0: Ball
1-0: Ball
2-0: Called Strike
2-1: SINGLE (Line Drive, 9LS, EV 93.8 MPH)
Isaiah Bias scores
Mike Sebastian to third
George Sonier to second
Runner from 3rd tries for Home, SAFE, throw by RF to home
Batting: RHB Dustin Bursell 0-0: Swinging Strike
0-1: Fly out, F4 (Popup, 34S, EV 77.5 MPH)
Top of the 4th over - 2 runs, 2 hits, 0 errors, 2 left on base; Connecticut 3 - Hudson Valley 0
BOTTOM OF THE 4TH
Hudson Valley Renegades batting - Pitching for Connecticut Tigers : RHP Bror Wuopio
Batting: RHB Kunizo Yanagisawa 0-0: Foul Ball, location: 2F
0-1: Ground out 4-3 (Groundball, 4M, EV 86.9 MPH)
Batting: RHB Jon Gonzales 0-0: Called Strike
0-1: Ground out 6-3 (Groundball, 6M, EV 78.8 MPH)
Batting: RHB Mikey Sano 0-0: Ball
1-0: Foul Ball, location: 2F
1-1: Ground out 5-3 (Groundball, 56, EV 91.2 MPH)
Bottom of the 4th over - 0 runs, 0 hits, 0 errors, 0 left on base; Connecticut 3 - Hudson Valley 0
TOP OF THE 5TH
Connecticut Tigers batting - Pitching for Hudson Valley Renegades : RHP Adam Householder
Batting: SHB Ronnie Lundy 0-0: Ground out 6-3 (Groundball, 6, EV 100.0 MPH)
Batting: RHB Juan Acero 0-0: Ball
1-0: Swinging Strike
1-1: Ball
2-1: Foul Ball, location: 2F
2-2: Strikes out swinging
Batting: SHB Isaiah Bias 0-0: Ball
1-0: Ball
2-0: Called Strike
2-1: Ball
3-1: Base on Balls
Batting: RHB Mike Sebastian 0-0: Foul Ball, location: 2F
0-1: Called Strike
0-2: Foul Ball, location: 2F
0-2: SINGLE (Flyball, 4D, EV 85.0 MPH)
Isaiah Bias to second
Runner from 2nd tries for 3rd, SAFE, throw by CF made to third
Batting: RHB George Sonier 0-0: Ball
Mike Sebastian steals 2nd base
1-0: Called Strike
1-1: Ball
2-1: Ball
3-1: Base on Balls
Batting: LHB Zach Rose 0-0: Ball
Wild Pitch!
Isaiah Bias scores
Mike Sebastian to third
George Sonier to second
1-0: Ground out 4-3 (Groundball, 4, EV 90.0 MPH)
Top of the 5th over - 1 run, 1 hit, 0 errors, 2 left on base; Connecticut 4 - Hudson Valley 0
BOTTOM OF THE 5TH
Hudson Valley Renegades batting - Pitching for Connecticut Tigers : RHP Bror Wuopio
Batting: RHB Wan-ling Zhu 0-0: SINGLE (Groundball, 56S, EV 71.9 MPH) (infield hit)
Batting: RHB Chris Glavin 0-0: Called Strike
0-1: Ball
1-1: Foul Ball, location: 2F
1-2: Ball
2-2: Strikes out swinging
Batting: RHB Greg Grayson 0-0: Ball
1-0: Ball
2-0: Foul Ball, location: 2F
2-1: Ball
3-1: Base on Balls
Wan-ling Zhu to second
Batting: SHB Chris Lockart 0-0: Ball
1-0: Called Strike
1-1: Ball
2-1: Ball
3-1: Base on Balls
Wan-ling Zhu to third
Greg Grayson to second
Batting: SHB Joshua Jackson 0-0: Called Strike
0-1: Foul Ball, location: 2F
0-2: Grounds into fielders choice 1-2 (Groundball, 34S, EV 66.9 MPH)
Greg Grayson to third
Chris Lockart to second
Pitching: LHP Estêvão Cavadas
Batting: RHB Joe Hartigan 0-0: Ball
1-0: Foul Ball, location: 2F
1-1: Ball
2-1: Ball
3-1: Base on Balls
Greg Grayson scores
Chris Lockart to third
Joshua Jackson to second
Batting: RHB Kunizo Yanagisawa 0-0: Called Strike
0-1: Foul Ball, location: 2F
0-2: Fielders Choice at 2nd, 6-4 (Groundball, 6, EV 103.1 MPH)
Bottom of the 5th over - 1 run, 1 hit, 0 errors, 3 left on base; Connecticut 4 - Hudson Valley 1
TOP OF THE 6TH
Connecticut Tigers batting - Pitching for Hudson Valley Renegades : RHP Adam Householder
Batting: LHB Iestyn Peacock 0-0: Ball
1-0: Foul Ball, location: 2F
1-1: Foul Ball, location: 2F
1-2: Foul Ball, location: 2F
1-2: Foul Ball, location: 2F
1-2: Strikes out looking
Pitching: LHP Min Xue
Batting: SHB Ryohei Nakano 0-0: Called Strike
0-1: Ground out 6-3 (Groundball, 6S, EV 86.9 MPH)
Batting: RHB Dustin Bursell 0-0: Ball
1-0: Called Strike
1-1: Ball
2-1: SINGLE (Line Drive, 4D, EV 95.0 MPH)
Batting: SHB Ronnie Lundy 0-0: Called Strike
0-1: Ball
1-1: Foul Ball, location: 2F
1-2: SINGLE (Groundball, 34, EV 91.2 MPH) (infield hit)
Dustin Bursell to second
Batting: RHB Juan Acero 0-0: Ball
1-0: Ball
2-0: Ball
3-0: Base on Balls
Dustin Bursell to third
Ronnie Lundy to second
Batting: SHB Isaiah Bias 0-0: Called Strike
0-1: Fly out, F9 (Flyball, 89M, EV 88.1 MPH)
Top of the 6th over - 0 runs, 2 hits, 0 errors, 3 left on base; Connecticut 4 - Hudson Valley 1
BOTTOM OF THE 6TH
Hudson Valley Renegades batting - Pitching for Connecticut Tigers : LHP Estêvão Cavadas
Batting: RHB Jon Gonzales 0-0: Ball
1-0: Called Strike
1-1: Called Strike
1-2: Ball
2-2: Foul Ball, location: 2F
2-2: Foul Ball, location: 2F
2-2: Fly out, F3 (Popup, 3F, EV 62.5 MPH)
Batting: RHB Mikey Sano 0-0: Ball
1-0: Ball
2-0: Called Strike
2-1: Ball
3-1: Ground out 4-3 (Groundball, 4, EV 91.9 MPH)
Batting: RHB Wan-ling Zhu 0-0: Ground out 3-1 (Groundball, 34, EV 87.5 MPH)
Bottom of the 6th over - 0 runs, 0 hits, 0 errors, 0 left on base; Connecticut 4 - Hudson Valley 1
TOP OF THE 7TH
Connecticut Tigers batting - Pitching for Hudson Valley Renegades : LHP Min Xue
Batting: RHB Mike Sebastian 0-0: Called Strike
0-1: Called Strike
0-2: Foul Ball, location: 2F
0-2: Foul Ball, location: 2F
0-2: Strikes out swinging
Pitching: RHP Takenori Iwata
Batting: RHB George Sonier 0-0: Ball
1-0: Ball
2-0: Ball
3-0: Called Strike
3-1: Ground out 6-3 (Groundball, 6, EV 78.1 MPH)
Batting: LHB Zach Rose 0-0: Foul Ball, location: 2F
0-1: Ball
1-1: SINGLE (Groundball, 34D, EV 98.1 MPH)
Batting: LHB Iestyn Peacock 0-0: Called Strike
0-1: Ball
1-1: SINGLE (Groundball, 34D, EV 101.9 MPH)
Zach Rose to second
Runner from 2nd tries for 3rd, OUT! 9-5
Top of the 7th over - 0 runs, 2 hits, 0 errors, 1 left on base; Connecticut 4 - Hudson Valley 1
BOTTOM OF THE 7TH
Hudson Valley Renegades batting - Pitching for Connecticut Tigers : LHP Estêvão Cavadas
Batting: RHB Chris Glavin 0-0: Foul Ball, location: 2F
0-1: SINGLE (Flyball, 3D, EV 89.4 MPH)
Batting: RHB Greg Grayson 0-0: Bunted foul
0-1: Ball
1-1: Bunt missed!
1-2: Foul Ball, location: 2F
1-2: Ball
2-2: Foul Ball, location: 2F
2-2: Ball
3-2: Base on Balls
Chris Glavin to second
Pitching: LHP Jayden Carey
Batting: SHB Chris Lockart 0-0: Sac Bunt to 13 - play at first, batter OUT! 1-3
Chris Glavin to third
Greg Grayson to second
Batting: SHB Joshua Jackson 0-0: Ball
1-0: Foul Ball, location: 2F
1-1: SINGLE (Groundball, 34S, EV 73.8 MPH) (infield hit)
Chris Glavin scores
Greg Grayson to third
Batting: RHB Joe Hartigan 0-0: Called Strike
0-1: Swinging Strike
0-2: Fly out, F9 (Flyball, 9D, EV 85.0 MPH)
Batting: RHB Kunizo Yanagisawa 0-0: Foul Ball, location: 2F
0-1: Ball
1-1: Ball
2-1: Ball
3-1: Foul Ball, location: 2F
3-2: Foul Ball, location: 2F
3-2: Foul Ball, location: 2F
3-2: Foul Ball, location: 2F
3-2: Foul Ball, location: 2F
3-2: Base on Balls
Joshua Jackson to second
Batting: RHB Jon Gonzales 0-0: Called Strike
0-1: Foul Ball, location: 2F
0-2: Ball
1-2: Strikes out swinging
Bottom of the 7th over - 1 run, 2 hits, 0 errors, 3 left on base; Connecticut 4 - Hudson Valley 2
TOP OF THE 8TH
Connecticut Tigers batting - Pitching for Hudson Valley Renegades : RHP Takenori Iwata
Batting: SHB Ryohei Nakano 0-0: Swinging Strike
0-1: Ground out 6-3 (Groundball, 6S, EV 78.8 MPH)
Batting: RHB Dustin Bursell 0-0: Ball
1-0: Ball
2-0: Ball
3-0: Base on Balls
Batting: SHB Ronnie Lundy 0-0: Called Strike
Dustin Bursell is caught stealing 2nd base 2-6
0-1: Fly out, F7 (Flyball, 7LM, EV 87.5 MPH)
Top of the 8th over - 0 runs, 0 hits, 0 errors, 0 left on base; Connecticut 4 - Hudson Valley 2
BOTTOM OF THE 8TH
Hudson Valley Renegades batting - Pitching for Connecticut Tigers : LHP Jayden Carey
Batting: RHB Mikey Sano 0-0: Fly out, F7 (Flyball, 7, EV 84.4 MPH)
Batting: RHB Wan-ling Zhu 0-0: Ball
1-0: Ball
2-0: Ball
3-0: Called Strike
3-1: Fly out, F8 (Flyball, 8LM, EV 75.6 MPH)
Batting: RHB Chris Glavin 0-0: Ball
1-0: Ball
2-0: Ball
3-0: Base on Balls
Pitching: RHP Efrain Diaz
Batting: RHB Greg Grayson 0-0: Foul Ball, location: 2F
0-1: SINGLE (Line Drive, 9S, EV 88.8 MPH)
Chris Glavin to second
Runner from 2nd tries for 3rd, SAFE, throw by RF made to third
Pitching: RHP Matt Haberle
Batting: SHB Chris Lockart 0-0: Ball
1-0: Called Strike
1-1: Ball
2-1: Ball
3-1: Foul Ball, location: 2F
3-2: Ground out 4-3 (Groundball, 34S, EV 92.5 MPH)
Bottom of the 8th over - 0 runs, 1 hit, 0 errors, 2 left on base; Connecticut 4 - Hudson Valley 2
TOP OF THE 9TH
Connecticut Tigers batting - Pitching for Hudson Valley Renegades : RHP Takenori Iwata
Batting: RHB Juan Acero 0-0: Called Strike
0-1: Ball
1-1: Swinging Strike
1-2: Strikes out swinging
Batting: SHB Isaiah Bias 0-0: Ball
1-0: Foul Ball, location: 2F
1-1: Foul Ball, location: 2F
1-2: Strikes out looking
Batting: RHB Mike Sebastian 0-0: SOLO HOME RUN (Flyball, 7D, EV 102.5 MPH), Distance : 378 ft
Batting: RHB George Sonier 0-0: Called Strike
0-1: Ball
1-1: Foul Ball, location: 2F
1-2: Ball
2-2: Ground out 6-3 (Groundball, 6, EV 96.2 MPH)
Top of the 9th over - 1 run, 1 hit, 0 errors, 0 left on base; Connecticut 5 - Hudson Valley 2
BOTTOM OF THE 9TH
Hudson Valley Renegades batting - Pitching for Connecticut Tigers : RHP Matt Haberle
Pitching: RHP Denzel McPherson
Now at 1B: Tony Nunez
Batting: SHB Joshua Jackson 0-0: Ball
1-0: Ball
2-0: Called Strike
2-1: Ball
3-1: Foul Ball, location: 2F
3-2: Foul Ball, location: 2F
3-2: Strikes out swinging
Batting: RHB Joe Hartigan 0-0: Ground out 4-3 (Groundball, 4, EV 86.2 MPH)
Batting: RHB Kunizo Yanagisawa 0-0: Called Strike
0-1: Foul Ball, location: 2F
0-2: Foul Ball, location: 2F
0-2: Strikes out swinging
Bottom of the 9th over - 0 runs, 0 hits, 0 errors, 0 left on base; Connecticut 5 - Hudson Valley 2
Sunday, July 16th , 2023 - OOTP Baseball 24.6 Build 69